[Event "Late-Titled-Tuesday-Blitz-February-20-2024"]
[Site "Chess.com"]
[Date "2024.02.20"]
[Round "8"]
[White "ansko1999"]
[Black "Eloist"]
[Result "1-0"]
[WhiteElo "2659"]
[BlackElo "2470"]
[TimeControl "180+1"]
[EndTime "15:29:06 PST"]
[Termination "ansko1999 won by resignation"]

1. c3 e5 2. e4 Nf6 3. d3 d5 4. Nd2 c6 5. Ngf3 Bd6 6. Be2 O-O 7. O-O Re8 8. Re1 Nbd7 9. a4 a5 10. Bf1 Nf8 11. d4 Ng6 12. dxe5 Nxe5 13. exd5 Nxd5 14.
Nxe5 Bxe5 15. Nf3 Bf6 16. Rxe8+ Qxe8 17. h3 Bf5 18. Bc4 Rd8 19. Qe2 Qxe2 20. Bxe2 h6 21. Bd2 g5 22. Nd4 Bxd4 23. cxd4 Nb4 24. Bc3 Be4 25.
Bc4 Bd5 26. Bxd5 Rxd5 27. Kf1 f5 28. Ke2 Kf7 29. g3 Rd7 30. Rc1 Na2 31. Rc2 Nxc3+ 32.
bxc3 Ke6 33. Kd3 c5 34. Re2+ Kd6 35. Re5 cxd4 36. cxd4 b6 37. Rxf5 Ke6 38. Re5+ Kf6 39. Ke4 Rc7 40. Rb5 Rc6 41. f4 gxf4 42. gxf4 Re6+ 43.
Kf3 Rd6 44. Ke4 Re6+ 45. Kd3 Rc6 46. h4 Rd6 47. f5 Rc6 48. Ke4 Ke7 49. Ke5 Rc1 50.
Rxb6 Re1+ 51. Kd5 Rf1 52. Re6+ Kf7 53. Rxh6 Rxf5+ 54. Kc4 Rf4 55. Rh5 Kg6 56. Rxa5 Rxh4 57. Re5 Kf6 58. a5 Rh1 59. Kb5 Rc1 60. a6 Rb1+ 61.
Kc6 Rc1+ 62. Kb6 Rd1 63. Rd5 Rb1+ 64. Rb5 Rd1 65. a7 Rxd4 66. a8=Q 1-0

[Event "Late-Titled-Tuesday-Blitz-February-20-2024"]
[Site "Chess.com"]
[Date "2024.02.20"]
[Round "8"]
[White "rachidhuilda"]
[Black "wild3000"]
[Result "0-1"]
[WhiteElo "2338"]
[BlackElo "2396"]
[TimeControl "180+1"]
[EndTime "15:29:06 PST"]
[Termination "wild3000 won by resignation"]

1. d4 Nf6 2. Bg5 Ne4 3. Bf4 b6 4. f3 Nf6 5. e4 Bb7 6. Bd3 e6 7.
Ne2 c5 8. c3 d5 9. Nd2 cxd4 10.
Nxd4 dxe4 11. Nxe4 Nd5 12. Bb5+ Nd7 13. Nd6+ Bxd6 14.
Bxd6 a6 15. Bd3 Nc5 16. Bxc5 bxc5 17. Nc2 Qh4+ 18. g3 Qf6 19. Qe2 O-O 20. O-O Rfd8 21.
Rad1 g6 22. Be4 Rab8 23. Kg2 h5 24. h4 Ba8 25. Bxd5 Bxd5 26. Ne3 Bb7 27. Rxd8+ Rxd8 28. Rd1 Kg7 29. Rxd8 Qxd8 30. Qd1 Qxd1 31. Nxd1 Kf6 32. Kf2 Ke5 33. Ke3 f6 34. Nf2 g5 35. Nd3+ Kd6 36. b4 cxb4 37. cxb4 Bd5 38. a3 Bc4 39. Nc5 Kc6 40.
Ne4 gxh4 41. gxh4 Kb5 42. Kd4 Be2 43. Ke3 Bd1 44. Nc3+ Kc4 45. Nxd1 Kb3 46. Nf2 Kxa3 47. Nd3 Kb3 48. Kd4 e5+ 49. Ke3 Kc4 50. f4 exf4+ 51.
Nxf4 Kxb4 52. Nxh5 a5 53. Nxf6 a4 54. Ne4 a3 55. Nf6 a2 56. Nd5+ Kb3 57. Nc3 Kxc3 58.
h5 a1=Q 59. h6 Qa7+ 60. Kf4 Qh7 61. Kg5 Kd4 62. Kh5 Ke5 63. Kg5 Ke6 0-1

[Event "Late-Titled-Tuesday-Blitz-February-20-2024"]
[Site "Chess.com"]
[Date "2024.02.20"]
[Round "8"]
[White "Marianov_Podstavnikov"]
[Black "David_George21"]
[Result "1-0"]
[WhiteElo "2523"]
[BlackElo "2394"]
[TimeControl "180+1"]
[EndTime "15:29:09 PST"]
[Termination "Marianov_Podstavnikov won by resignation"]

1. e4 c5 2. Nf3 d6 3. d4 cxd4 4. Qxd4 Nc6 5. Qe3 Nf6 6. Be2 e6 7. O-O Be7 8. Rd1 Qc7 9. c4 O-O 10. Nc3 a6 11. h3 Ne5 12. b3 b6 13. Bb2 Bb7 14. Rac1 Rac8 15. Nd2 Rfd8 16. Na4 Nfd7 17. f4 Ng6 18. Nf3 Bc6 19. Nc3 Qb7 20. Nd5 Nc5 21.
Nxe7+ Nxe7 22. e5 Nf5 23. Qf2 Ne4 24. Qe1 d5 25. cxd5 Bxd5 26. Rxc8 Rxc8 27. Nd4 Nfg3 28. Bf3 h5 29. Ne2 h4 30. Nxg3 Nxg3 31. Bxd5 exd5 32. e6 Re8 33. Qe5 fxe6 34. Rxd5 Ne2+ 35. Kh2 Nxf4 36. Rd2 Rf8 37. Rf2 Qf7 38. Kh1 Qg6 39.
Rxf4 Rxf4 40. Qxf4 Qb1+ 41. Qc1 Qxa2 42. Qc2 Qa5 43.
Qc3 Qg5 44. Bc1 Qf5 45. Be3 Qf1+ 46. Bg1 Qf5 47. Qc8+ Kh7 48. Qxa6 b5 49. Qc6 b4 50. Qc4 e5 51. Qxh4+ Kg8 52. Qc4+ Kh7 53. Qxb4 e4 54. Qc5 Qf4 55. Qe3 Qe5 56. Bf2 g5 57. Bg3 Qa1+ 58.
Kh2 Qb1 59. Qxg5 Qxb3 60. Qh4+ Kg6 61. Qxe4+ Kf7 62. Qf3+ Ke6 63. Qxb3+ 1-0

[Event "Late-Titled-Tuesday-Blitz-February-20-2024"]
[Site "Chess.com"]
[Date "2024.02.20"]
[Round "8"]
[White "HajiyevKanan"]
[Black "NCchamp"]
[Result "0-1"]
[WhiteElo "2473"]
[BlackElo "2340"]
[TimeControl "180+1"]
[EndTime "15:29:11 PST"]
[Termination "NCchamp won by resignation"]

1. d4 d5 2. Nf3 Nf6 3. c4 dxc4 4.
Nc3 a6 5. a4 Bg4 6. Ne5 Be6 7.
e4 c6 8. Nxc4 Bxc4 9. Bxc4 e6 10. O-O Nbd7 11. Bg5 Be7 12. e5 Nd5 13. Bxe7 Qxe7 14.
Ne4 O-O 15. a5 Qb4 16. Qb3 Qxb3 17. Bxb3 Rab8 18. Ra3 Rfc8 19. Nd6 Rd8 20. Rc1 c5 21. dxc5 Nxe5 22. Bxd5 exd5 23. Rd1 Nc4 24. Nxc4 dxc4 25. Rc1 Rbc8 26. Kf1 Rxc5 27. Ra4 Rdc8 28. Rb4 R8c7 29. Rd1 g6 30. Rd8+ Kg7 31. Rb8 Rxa5 32. R8xb7 Rxb7 33. Rxb7 Rb5 34. Rc7 Rxb2 35. Rxc4 Rb1+ 36. Ke2 Rb2+ 37. Ke3 Ra2 38. Rc6 Ra4 39. g3 h5 40.
h4 Ra5 41. Kf4 Ra4+ 42. Ke3 Ra3+ 43. Ke4 Ra2 44. Kf4 Rxf2+ 45. Ke3 Ra2 46. Rb6 Ra3+ 47. Kf4 a5 48. Ra6 Ra4+ 49. Kf3 Ra3+ 50. Kf4 Ra1 51.
Ra7 a4 52. Kg5 a3 53. g4 Rg1 54. Kf4 Rxg4+ 55. Kf3 Rxh4 56. Kg3 Rg4+ 57. Kh3 Rb4 58. Rxa3 Kh6 59. Rf3 f5 60. Rc3 Kg5 61. Rd3 Rg4 62. Rd6 h4 63. Rd8 Rg3+ 64. Kh2 Kg4 65. Rg8 g5 66. Kh1 f4 67. Rf8 Ra3 68. Kh2 Ra2+ 69. Kg1 Kg3 70. Kf1 Ra1+ 71. Ke2 g4 72. Rh8 f3+ 73.
Ke3 h3 74. Rf8 h2 75. Rh8 h1=Q 76. Rxh1 Rxh1 0-1

[Event "Late-Titled-Tuesday-Blitz-February-20-2024"]
[Site "Chess.com"]
[Date "2024.02.20"]
[Round "8"]
[White "rionelG"]
[Black "cthulhuuu"]
[Result "0-1"]
[WhiteElo "2222"]
[BlackElo "2428"]
[TimeControl "180+1"]
[EndTime "15:29:19 PST"]
[Termination "cthulhuuu won by checkmate"]

1. e4 d6 2. d4 Nf6 3. Bd3 e5 4. c3 Be7 5. h3 O-O 6. Nf3 Nbd7 7. O-O Re8 8. Re1 c5 9. Bg5 cxd4 10. cxd4 Qb6 11.
Qd2 exd4 12. Na3 Ne5 13. Nc4 Nxf3+ 14. gxf3 Qd8 15. Rad1 Nh5 16. Bxe7 Qxe7 17. e5 Bxh3 18. exd6 Qf6 19. Kh2 Qh4 20. Rxe8+ Rxe8 21. Re1 Rxe1 22.
Qxe1 Bf5+ 23. Kg1 Qg5+ 24. Kh1 Qh4+ 25. Kg1 Qg5+ 26. Kh1 h6 27. Bxf5 Qxf5 28. Qe8+ Kh7 29. Qe4 Qxe4 30. fxe4 Nf6 31. Ne5 Kg8 32. Kg2 Kf8 33.
Kf3 Ke8 34. Nc4 Kd7 35. e5 Nd5 36. Ke4 Nb4 37. a3 Nc2 38. Kd3 Ne1+ 39. Kxd4 Nf3+ 40.
Ke3 Ng5 41. f4 Ne6 42. Ke4 g6 43. Ne3 h5 44. Nd5 Nc5+ 45. Kd4 Ne6+ 46. Ke3 h4 47.
Nf6+ Kc6 48. Ne4 h3 49. Nf2 h2 50. Kf3 Kd7 51. Kg3 g5 52. f5 Nd4 53. Kxh2 Nxf5 54.
Nd3 Ne3 55. Kg3 f5 56. Kf3 Nd5 57. Nc5+ Kc6 58. e6 Kxd6 59. Nxb7+ Kxe6 60. Na5 Ke5 61. Nc6+ Kd6 62. Nxa7 g4+ 63. Kg3 Ke5 64. Nc6+ Ke4 65. b4 Ne3 66. b5 f4+ 67. Kf2 g3+ 68. Kg1 f3 69. b6 f2+ 70. Kh1 f1=Q# 0-1

[Event "Late-Titled-Tuesday-Blitz-February-20-2024"]
[Site "Chess.com"]
[Date "2024.02.20"]
[Round "8"]
[White "DefiantChair"]
[Black "Mr_Heisenberg13"]
[Result "0-1"]
[WhiteElo "2616"]
[BlackElo "2864"]
[TimeControl "180+1"]
[EndTime "15:29:24 PST"]
[Termination "Mr_Heisenberg13 won by resignation"]

1. e4 c5 2. Nf3 e6 3. d4 cxd4 4.
Nxd4 Nf6 5. Nc3 Nc6 6. Ndb5 Bc5 7. Bf4 O-O 8. Bc7 Qe7 9. Bd6 Bxd6 10. Qxd6 Qd8 11. Be2 a6 12. Nc7 Ra7 13. e5 b5 14.
N7xb5 axb5 15. exf6 Qxf6 16. O-O b4 17. Nd1 Qd4 18.
Qxd4 Nxd4 19. Bd3 Ba6 20. Bxa6 Rxa6 21. Ne3 d5 22. Rfd1 Nc6 23. a4 bxa3 24. bxa3 Rfa8 25.
c4 d4 26. Nc2 e5 27. f4 f6 28. fxe5 fxe5 29. Rab1 Na5 30. Nb4 R6a7 31. Rdc1 Rc8 32.
c5 Nc6 33. Nd5 Rxa3 34. Rb6 Kf7 35. Rf1+ Ke8 36. Rb7 Ra7 37. Rff7 Rxb7 38. Rxb7 Rd8 39. Nc7+ Kf7 40. Nb5+ Ke6 41. Rxg7 Kd5 42. Nd6 Ra8 43. Rxh7 Ra2 44. h4 d3 45. Rd7 Ke6 46. Rf7 Ra1+ 47.
Rf1 Ra2 48. Rd1 Nb4 49. h5 Kd5 50. h6 Ra7 51. Nf5 e4 52. g4 Ke5 53. Ng7 e3 54. h7 Ra8 55. Rb1 Nd5 56. Nf5 d2 57. Kf1 Nc3 58.
Nxe3 Nxb1 59. c6 Nc3 60. g5 Ke6 61. c7 Kf7 62. Kf2 Kg7 63. Nf5+ Kxh7 64. g6+ Kxg6 65. Ne7+ Kf7 66. c8=Q Rxc8 67. Nxc8 d1=Q 0-1

[Event "Late-Titled-Tuesday-Blitz-February-20-2024"]
[Site "Chess.com"]
[Date "2024.02.20"]
[Round "8"]
[White "Pachonpower"]
[Black "TemploVillamarin"]
[Result "1-0"]
[WhiteElo "2321"]
[BlackElo "2167"]
[TimeControl "180+1"]
[EndTime "15:29:28 PST"]
[Termination "Pachonpower won by resignation"]

1. g3 f5 2. Bg2 Nf6 3. d3 e5 4. e4 Nc6 5. Ne2 Bc5 6. O-O d6 7. c3 fxe4 8. dxe4 O-O 9. a4 a5 10. Nd2 Ng4 11. Nf3 Qf6 12. h3 Nxf2 13. Rxf2 Bxh3 14. Qf1 Bxg2 15. Kxg2 Qg6 16. Neg1 Bxf2 17.
Qxf2 Qxe4 18. Qe3 Qg6 19. Nh4 Qc2+ 20. Qd2 Qe4+ 21. Nhf3 Rf6 22. Qe2 Qg4 23. Bg5 Rf5 24.
Be3 Raf8 25. Rd1 e4 26. Nh4 Qxe2+ 27. Nxe2 R5f7 28. Nd4 Ne5 29. Nb5 h6 30. Bf4 Kh7 31. Bxe5 dxe5 32. Kh3 g5 33. Ng2 h5 34. Rd5 Rf2 35. Ne3 Kg6 36. Rxe5 g4+ 37. Nxg4 hxg4+ 38. Kxg4 Rxb2 39. Nxc7 Re2 40. Ne6 Rf3 41. Nf4+ Rxf4+ 42. Kxf4 Ra2 43. Rxe4 Ra3 44. Rc4 Kf6 45. g4 Kg6 46. Ke4 Ra1 47. Kd5 Rd1+ 48. Kc5 Rb1 49. Kd6 Kf6 50. Kc7 Kg5 51. Kb8 Kf6 52. Ka7 Kg5 53. Kb8 Kf6 54. Rc5 Ra1 55. Rxa5 Ra3 56. Rb5 Rxa4 57. g5+ Kg6 58. Kxb7 Rc4 59. Rb3 Kxg5 60.
Kb6 Kf5 61. Kb5 Rc8 62. c4 Rb8+ 63. Ka4 Ra8+ 64. Kb4 Rb8+ 65. Kc3 Rc8 66. Rb5+ Ke6 67. Kb4 Kd6 68. c5+ Kc6 69. Rb6+ Kc7 70. Kb5 Rb8 71. Rxb8 Kxb8 72. Kb6 Ka8 73. Kc7 Ka7 74. Kd7 1-0

[Event "Late-Titled-Tuesday-Blitz-February-20-2024"]
[Site "Chess.com"]
[Date "2024.02.20"]
[Round "8"]
[White "nindjaxx8"]
[Black "SharathRk6"]
[Result "1-0"]
[WhiteElo "2614"]
[BlackElo "2390"]
[TimeControl "180+1"]
[EndTime "15:29:29 PST"]
[Termination "nindjaxx8 won by resignation"]

1. d4 Nf6 2. c4 e6 3. Nc3 Bb4 4. Qc2 d5 5. cxd5 exd5 6. Bg5 O-O 7. e3 c6 8. Nf3 Nbd7 9. Bd3 h6 10. Bh4 Re8 11. O-O Nf8 12. Rfe1 Be7 13. Ne5 Ne6 14. f4 c5 15. dxc5 Nxc5 16. Rad1 Nxd3 17. Qxd3 Be6 18. Ne2 Ne4 19. Bxe7 Qxe7 20. Nc3 Nxc3 21. Qxc3 Rac8 22. Qd4 Rc2 23. Rd2 Rxd2 24. Qxd2 Qc5 25. h3 Rc8 26. Nf3 Qc2 27. Qb4 b6 28. Nd4 Qe4 29. Qd2 Bd7 30. b3 a5 31. Kh2 h5 32.
Rc1 Re8 33. Rc7 Bf5 34. Nxf5 Qxf5 35. Qd4 Qe4 36. Qxb6 Qxe3 37. Qd6 Qe6 38. Qc5 Qf5 39. Qc1 Re4 40. Rc8+ Kh7 41. Rc3 Qxf4+ 42. Qxf4 Rxf4 43.
Rc5 Rf2 44. Rxa5 Rd2 45. Kg3 g6 46. a4 d4 47. Rd5 Rd3+ 48. Kf4 Rxb3 49. Rxd4 Kg7 50.
Ke5 Ra3 51. Kd5 Kh6 52. Kc5 Kg5 53. Kb5 f5 54. a5 f4 55. a6 Kf5 56. Ra4 Rb3+ 57. Kc6 Rb8 58. a7 Rf8 59. a8=Q Rxa8 60.
Rxa8 g5 61. Ra4 g4 62. Kd5 f3 63. gxf3 gxf3 64. Ra2 Kf4 65. Kd4 Kg3 66. Ke3 h4 67. Rf2 Kxh3 68. Rxf3+ Kg2 69. Rf2+ Kg1 70. Rf3 Kg2 71.
Rf2+ Kg1 72. Ra2 h3 73. Kf3 h2 74. Kg3 h1=N+ 75. Kf3 Ng3 76. Kxg3 1-0

[Event "Late-Titled-Tuesday-Blitz-February-20-2024"]
[Site "Chess.com"]
[Date "2024.02.20"]
[Round "8"]
[White "TenisMaster"]
[Black "Duhless"]
[Result "1-0"]
[WhiteElo "3001"]
[BlackElo "3089"]
[TimeControl "180+1"]
[EndTime "15:29:31 PST"]
[Termination "TenisMaster won by resignation"]

1. e4 e5 2. Nf3 Nc6 3. Bb5 a6 4. Ba4 Nf6 5. O-O Be7 6. Re1 b5 7. Bb3 O-O 8. h3 d6 9. c3 Na5 10. Bc2 c5 11. d4 Qc7 12. Nbd2 cxd4 13. cxd4 Nc6 14. Nb3 a5 15. Be3 a4 16. Nbd2 Nb4 17. Bb1 a3 18. Qb3 axb2 19. Qxb2 Nc6 20. Bd3 Bd7 21.
Nf1 exd4 22. Bxd4 Nxd4 23. Nxd4 d5 24. e5 Ne4 25. Bxe4 dxe4 26. Rxe4 Ra4 27. Ng3 Rfa8 28.
Ndf5 Bf8 29. Rxa4 Rxa4 30. Rd1 Be6 31. Qxb5 Ra8 32. Nd6 Rxa2 33. Qd3 Qa7 34. Qf3 h6 35. Nge4 Ra1 36. Kh2 Rxd1 37. Qxd1 Qb6 38. Qd2 Be7 39. Qf4 Qb2 40. Nf5 Bf8 41. Nxh6+ Kh8 42. Nxf7+ Bxf7 43. Qxf7 Qxe5+ 44. Ng3 Bd6 45. Qf3 Qg5 46. Qg4 Qe5 47. Qh4+ Kg8 48. Qc4+ Kh8 49. Qd3 Qf6 50. Kg1 Bc5 51.
Qe2 Qa1+ 52. Nf1 Qf6 53. g3 Bd4 54. Kg2 Kh7 55. Qe4+ Kh8 56. Qf3 Qe7 57. Nd2 Be5 58. Ne4 g6 59. h4 Kg7 60. Ng5 Bf6 61. Qe3 Qb7+ 62. Qe4 Qd7 63. Ne6+ Kh6 64. Qxg6+ Kxg6 65. Nf8+ Kf5 66. Nxd7 Bd4 67. Kf3 Ke6 68. Nb8 Kd6 69.
g4 Bc3 70. Ke4 Kc7 71. Kd5 Kxb8 72. Ke6 Kc7 73. g5 Kd8 74. Kf7 1-0

[Event "Late-Titled-Tuesday-Blitz-February-20-2024"]
[Site "Chess.com"]
[Date "2024.02.20"]
[Round "8"]
[White "Slovineanu"]
[Black "ACollins05"]
[Result "1/2-1/2"]
[WhiteElo "2454"]
[BlackElo "2583"]
[TimeControl "180+1"]
[EndTime "15:29:32 PST"]
[Termination "Game drawn - insufficient material"]

1. d4 d5 2. Nf3 Nf6 3. c4 e6 4. e3 Be7 5. b3 O-O 6. Bd3 b6 7. O-O Bb7 8. Bb2 c5 9. Qe2 Nc6 10. Nbd2 Rc8 11. Rac1 cxd4 12. Nxd4 Nxd4 13. Bxd4 dxc4 14. Nxc4 Bc5 15. Bb2 Qe7 16. Ne5 Rfd8 17. Rfd1 Ba3 18. Bb5 Bxb2 19. Qxb2 Nd5 20. Nc6 Bxc6 21.
Bxc6 Nb4 22. Be4 Rxd1+ 23. Rxd1 Rd8 24. Rxd8+ Qxd8 25. g3 g6 26. a3 Na6 27. b4 Nc7 28. Qe5 f6 29. Qc3 Kf7 30. h4 Qd7 31. h5 f5 32. Bc6 Qd1+ 33. Kg2 Qd6 34. Bf3 e5 35. Qc4+ Kg7 36. Bc6 Ne6 37. Bd5 Nc7 38. Bc6 a6 39. Qc3 Kf6 40. f4 Ne6 41. Bb7 a5 42. bxa5 bxa5 43. Kf3 Qc5 44. fxe5+ Qxe5 45. Qxe5+ Kxe5 46. hxg6 hxg6 47. g4 Ng5+ 48. Kg3 Ne4+ 49. Kh4 g5+ 50. Kh5 f4 51. exf4+ gxf4 52. g5 f3 53. g6 f2 54. Ba6 Kf6 55. Kh6 Nc5 56. Bf1 Ne6 57.
Bc4 Ng7 58. Bf1 Nf5+ 59. Kh7 Ng7 60. Bd3 Ne6 61. Bc4 Ng5+ 62. Kh6 Ne6 63. Bf1 a4 64.
Bc4 Ng7 65. Bf1 Ne6 66. Kh7 Nf8+ 67. Kh6 Nxg6 68. Kh5 Ne5 69. Kh4 Nf3+ 70. Kg3 Nd2 71. Kxf2 Nb1 72. Bb5 Nxa3 73. Bxa4 1/2-1/2

[Event "Late-Titled-Tuesday-Blitz-February-20-2024"]
[Site "Chess.com"]
[Date "2024.02.20"]
[Round "8"]
[White "laziestwin"]
[Black "ridnani1"]
[Result "1-0"]
[WhiteElo "2555"]
[BlackElo "2388"]
[TimeControl "180+1"]
[EndTime "15:29:32 PST"]
[Termination "laziestwin won by resignation"]

1. d4 Nf6 2. c4 g6 3. Nf3 Bg7 4. e3 O-O 5. Bd3 d6 6. O-O Nbd7 7. Nc3 e5 8. dxe5 dxe5 9. Bc2 c6 10. b3 Qc7 11. Bb2 Nc5 12. b4 Ne6 13. h3 e4 14.
Nxe4 Nxe4 15. Bxg7 Nxf2 16. Rxf2 Kxg7 17. Qd2 Rd8 18.
Qc3+ Kg8 19. Ne5 f5 20. Raf1 Ng5 21. h4 Nf7 22. Ng4 Be6 23. Nf6+ Kh8 24. Ng4+ Kg8 25. Nf6+ Kh8 26. e4 Qe5 27. Qxe5 Nxe5 28. exf5 Bxc4 29. Re1 Nd7 30. fxg6 hxg6 31. Ne4 Bd5 32. Ng5 Re8 33. Rxe8+ Rxe8 34. Bxg6 Re1+ 35. Kh2 Ne5 36. Bf5 Re3 37. Bc8 Nd3 38. Rf8+ Kg7 39. Rd8 Nf4 40. Rd7+ Kg6 41. Rd6+ Kg7 42. Bh3 Re2 43. h5 Bxg2 44. h6+ Kf8 45. h7 Bxh3+ 46. Kg3 Kg7 47. Kxf4 Bf1 48. Rg6+ Kxg6 49. h8=Q Rf2+ 50. Ke3 Rf5 51. Qg8+ Kf6 52. Ne4+ Ke7 53. Qg7+ Rf7 54. Qe5+ Kf8 55. Nd6 Re7 56. Qxe7+ Kxe7 57. Nxb7 Bc4 58. a3 Kd7 59.
Kd4 Bb5 60. Kc5 Ba4 61. Nd6 Bd1 62. Nc4 Kc7 63. Ne5 Be2 64. Nxc6 Kb7 65. Nd4 Bf1 66. Nb5 Be2 67. a4 Bf1 68. a5 Be2 69. Nd6+ Kc7 70. b5 Bf1 71. Nc4 Be2 72. Ne5 Bf1 73. Nc6 Bg2 74. Nxa7 Kb7 75. Nc6 Kc7 76. a6 Bf1 77. b6+ Kc8 78. b7+ Kc7 79. b8=Q+ 1-0

[Event "Late-Titled-Tuesday-Blitz-February-20-2024"]
[Site "Chess.com"]
[Date "2024.02.20"]
[Round "8"]
[White "ritanovikova"]
[Black "WPWPWP-2015"]
[Result "0-1"]
[WhiteElo "2225"]
[BlackElo "2430"]
[TimeControl "180+1"]
[EndTime "15:29:35 PST"]
[Termination "WPWPWP-2015 won by checkmate"]

1. e4 e5 2. Nf3 Nc6 3. Bc4 Nf6 4.
d3 Bc5 5. Nc3 h6 6. a3 a6 7. h3 O-O 8. O-O b5 9. Ba2 Bb7 10. Nd5 Re8 11. b4 Bf8 12. Re1 d6 13. c3 Nb8 14. Ne3 c6 15. Nf5 Nbd7 16. Qc2 a5 17. Bb2 d5 18. Ng3 g6 19. d4 Qc7 20.
exd5 cxd5 21. dxe5 Nxe5 22. Nd4 Nc4 23. Nxb5 Qb6 24. Nd4 axb4 25. axb4 Rxe1+ 26. Rxe1 Rxa2 27. Rb1 Ne4 28. Nxe4 dxe4 29. Qc1 Nxb2 30. Rxb2 Rxb2 31. Qxb2 Bg7 32. Qd2 Qd6 33. Qe3 Be5 34. g3 Kg7 35. h4 h5 36. Ne2 Qd1+ 37. Kg2 Qd3 38. Nd4 Bd5 39. b5 Qxe3 40. fxe3 Bc7 41. Nc6 Bc4 42.
Nd4 Bb6 43. Kf2 Kf6 44. Ke1 Ke5 45. Kd2 Kd6 46. Kc2 Kc5 47. Kd2 Bc7 48. Ne2 Bxb5 49. Nf4 Bc4 50. Ke1 Be5 51. Kf2 Bxc3 52. Ne2 Be5 53.
Nf4 Bc3 54. Ng2 Kd6 55. Nf4 Ke7 56. g4 hxg4 57. Kg3 Be6 58. h5 gxh5 59. Nxh5 Be5+ 60. Kh4 Bf5 61. Kg5 Ke6 62. Ng7+ Bxg7 63. Kf4 Be5+ 64. Kg5 f6+ 65. Kh6 g3 66. Kg7 g2 67. Kf8 g1=Q 68.
Ke8 Qg8# 0-1

[Event "Late-Titled-Tuesday-Blitz-February-20-2024"]
[Site "Chess.com"]
[Date "2024.02.20"]
[Round "8"]
[White "Angry_Twin"]
[Black "AlexTruskavetsky"]
[Result "1-0"]
[WhiteElo "2984"]
[BlackElo "2741"]
[TimeControl "180+1"]
[EndTime "15:29:37 PST"]
[Termination "Angry_Twin won by checkmate"]

1. e4 c5 2. Nf3 Nc6 3. Bb5 g6 4. Bxc6 dxc6 5. d3 Bg7 6. h3 e5 7. a4 Qe7 8. a5 Rb8 9. Nbd2 f6 10.
Nc4 Nh6 11. Be3 Nf7 12. b4 cxb4 13. Bxa7 Ra8 14. Be3 Be6 15. Nfd2 O-O 16. O-O f5 17. Nb3 f4 18. Bc5 Qg5 19. Kh2 Rfd8 20. Ncd2 Qf6 21.
Bxb4 g5 22. Nc5 Bc8 23. Qh5 Bf8 24. Nc4 Nh6 25. Nb6 Rb8 26. Nxc8 Rbxc8 27. Nxb7 Bxb4 28. Nxd8 Rxd8 29. a6 Nf7 30. Rfb1 c5 31. a7 Qc6 32. c3 Bxc3 33. Rb8 Bxa1 34. Qxf7+ Kxf7 35. Rxd8 Bd4 36. a8=Q Qxa8 37. Rxa8 Bxf2 38. Ra7+ Kg6 39. Re7 Bd4 40.
Re6+ Kf7 41. Rh6 Kg7 42. Rc6 h5 43. Rd6 g4 44. hxg4 hxg4 45. Rc6 Be3 46. Rd6 Bd4 47. Re6 Kf7 48. Rh6 Bf2 49. Rh5 Kf6 50. Rf5+ Ke6 51. Rg5 Bg3+ 52. Kg1 Be1 53. Rxg4 Bd2 54. Kf1 Kd6 55.
Rg6+ Ke7 56. Ke2 Kf7 57. Rc6 Be3 58. Kf3 Ke7 59. Kg4 Kd7 60. Rg6 Bd4 61. Kf5 Kc7 62.
Re6 c4 63. dxc4 Kd7 64. Rxe5 f3 65. gxf3 Be3 66. Rd5+ Kc6 67. e5 Bc5 68. Rxc5+ Kxc5 69. Ke6 Kc6 70. f4 Kc7 71. f5 Kd8 72. f6 Ke8 73. c5 Kf8 74. c6 Kg8 75. c7 Kh7 76. c8=Q Kh6 77. Qg8 Kh5 78. Kf5 Kh4 79. Qg4# 1-0

[Event "Late-Titled-Tuesday-Blitz-February-20-2024"]
[Site "Chess.com"]
[Date "2024.02.20"]
[Round "8"]
[White "Sicupira"]
[Black "chessydotcom"]
[Result "0-1"]
[WhiteElo "2277"]
[BlackElo "2229"]
[TimeControl "180+1"]
[EndTime "15:29:38 PST"]
[Termination "chessydotcom won by checkmate"]

1. e4 c5 2. Nf3 e6 3. d4 cxd4 4.
Nxd4 Nf6 5. Nc3 Nc6 6. Ndb5 Bb4 7. a3 Bxc3+ 8. Nxc3 d5 9. exd5 exd5 10. Bd3 O-O 11. O-O d4 12. Ne2 Bg4 13. f3 Bh5 14. Bg5 h6 15. Bh4 Qd6 16. Qd2 Bg6 17. Bg3 Qd7 18. Bxg6 fxg6 19. Rad1 Rad8 20. Rfe1 Rfe8 21. Bf2 Qf5 22. Nc1 Rxe1+ 23. Rxe1 Qd7 24. Rd1 Qf5 25. Nb3 d3 26. cxd3 Qd5 27. Nc5 b6 28. Ne4 Nxe4 29. fxe4 Qe5 30. Qc3 Qe6 31. Rc1 Ne5 32. Rd1 Qg4 33.
Qc2 Nf3+ 34. Kf1 Nxh2+ 35. Kg1 Nf3+ 36. Kf1 Ne5 37. d4 Nd7 38. e5 Nxe5 39. Qb3+ Nf7 40.
Re1 Qd7 41. Re6 Qd5 42. Qxd5 Rxd5 43. Rxg6 Ng5 44. Rc6 Ne4 45. Be3 Nd6 46. Rc7 Nf5 47. Bf2 a5 48. Rc4 b5 49. Rc5 Rxc5 50. dxc5 Kf7 51.
c6 Nd6 52. Bg3 Nc8 53. Ke2 Ke6 54. Kd3 Kd5 55. c7 g5 56. b3 Kc6 57. Ke4 Ne7 58.
Kd4 Nf5+ 59. Ke5 Ne7 60. Kf6 Nd5+ 61. Kg6 Nxc7 62. Bxc7 Kxc7 63. Kxh6 a4 64. Kxg5 axb3 65. a4 b2 66. axb5 b1=Q 67. b6+ Qxb6 68. Kf4 Qd6+ 69.
Kf3 Kd7 70. Kf2 Qe6 71. Kg1 Ke7 72. Kh2 Qf6 73. g3 Kf7 74. g4 Qg6 75. g5 Qxg5 76. Kh1 Kf6 77. Kh2 Kf5 78. Kh3 Kf4 79. Kh2 Kf3 80.
Kh1 Qg2# 0-1

[Event "Late-Titled-Tuesday-Blitz-February-20-2024"]
[Site "Chess.com"]
[Date "2024.02.20"]
[Round "8"]
[White "LeninGuerra"]
[Black "KetiTsatsalashvili"]
[Result "1-0"]
[WhiteElo "2582"]
[BlackElo "2445"]
[TimeControl "180+1"]
[EndTime "15:29:39 PST"]
[Termination "LeninGuerra won on time"]

1. e4 c5 2. Nf3 d6 3. b4 cxb4 4. a3 bxa3 5. Bxa3 Nf6 6. Bd3 g6 7. O-O Bg7 8. c3 O-O 9. Bc2 Bg4 10. d4 d5 11. e5 Ne4 12. h3 Bxf3 13. Qxf3 f5 14. c4 Nc6 15. Rd1 Kh8 16. Nc3 Nxc3 17. Qxc3 dxc4 18. Qxc4 Rc8 19. Qd3 Qxd4 20. Qb5 Qxe5 21.
Qxb7 Na5 22. Qxe7 Rxc2 23. Qxe5 Bxe5 24. Bxf8 Bxa1 25. Rxa1 Nc6 26. Ra6 Kg8 27. Bh6 Kf7 28.
Be3 Ke6 29. Bxa7 Rc1+ 30. Kh2 Kd5 31. Be3 Rd1 32. Ra8 Ke6 33. Rh8 Rd7 34. Kg3 Ne5 35.
Kh4 Kf6 36. Bg5+ Kg7 37. Re8 Nf7 38. Be3 h6 39. Kg3 g5 40. f4 Rd3 41. Kf2 Nd6 42.
Re6 Ne4+ 43. Ke2 Rb3 44. Bd4+ Kf7 45. Rxh6 gxf4 46. Rh7+ Ke6 47. Rh8 Ng3+ 48. Kf2 Ne4+ 49. Kg1 Rb1+ 50. Kh2 Ng3 51. Bg1 Nf1+ 52. Kh1 Ng3+ 53.
Kh2 Ne2 54. Bf2 Kf7 55. Rh7+ Kg6 56. Re7 Nc3 57. Re6+ Kf7 58. Re5 Kf6 59. Rc5 Ne4 60. Bd4+ Ke6 61. Re5+ Kd6 62. Rxf5 Ng3 63. Rxf4 Ne2 64.
Rg4 Kd5 65. Bf2 Ke6 66. h4 Kf5 67. Rg5+ Kf6 68. Be3 Rb2 69. h5 Rc2 70. Rg6+ Kf7 71. Rg4 Nc3 72. Rc4 Kg7 73. Bd4+ Kh6 74. Rxc3 Re2 75. Rh3 1-0

[Event "Late-Titled-Tuesday-Blitz-February-20-2024"]
[Site "Chess.com"]
[Date "2024.02.20"]
[Round "8"]
[White "krzyzan94"]
[Black "Hrant_ChessMood"]
[Result "0-1"]
[WhiteElo "2772"]
[BlackElo "3004"]
[TimeControl "180+1"]
[EndTime "15:29:43 PST"]
[Termination "Hrant_ChessMood won on time"]

1. d4 Nf6 2. Nf3 d5 3. Bf4 c5 4. e3 Nc6 5. Nbd2 e6 6. c3 Be7 7. Bd3 Nh5 8. Be5 Nxe5 9. dxe5 g6 10. Qe2 Bd7 11. h4 Qb6 12. Rb1 f5 13. exf6 Nxf6 14.
Ne5 Qc7 15. Nxd7 Nxd7 16. h5 O-O-O 17. Qg4 Qd6 18. Qh3 Ne5 19. Be2 g5 20. O-O Kb8 21. Rbd1 Qb6 22. b3 Ka8 23. Bg4 Nxg4 24. Qxg4 Bf6 25.
c4 h6 26. Nf3 a6 27. Rd2 Rd6 28.
Rfd1 Rhd8 29. e4 Bc3 30. e5 R6d7 31. Rd3 d4 32. Qe4 Rg7 33. Nh2 Rf8 34. g3 g4 35.
Nxg4 Rf5 36. Nf6 Rgg5 37. f4 Rg7 38. Kh2 Ka7 39. g4 Rxf6 40. exf6 Rxg4 41. Rg3 Rh4+ 42. Kg2 Rxh5 43. f7 Qd8 44. Qg6 Rf5 45. Qxf5 exf5 46.
Rg8 Qe7 47. f8=Q Qe2+ 48. Kh3 Qf3+ 49. Kh2 Qf2+ 50. Rg2 Qxf4+ 51. Kg1 Qe3+ 52. Kh1 d3 53. Qxf5 d2 54. Qf1 Qh3+ 55. Rh2 Qe3 56. Qe2 Qf4 57. Rf2 Qh4+ 58. Kg2 Qg5+ 59. Kf1 Qh4 60. Rh2 Qf4+ 61. Qf2 Qe4 62. Qxc5+ Ka8 63. Qf8+ Ka7 64. Qf2+ Ka8 65.
Rxd2 Qb1+ 66. Kg2 Qe4+ 67. Qf3 Qg6+ 68. Qg3 Qe4+ 69. Qf3 Qg6+ 70. Kh3 Qe6+ 71. Kg3 Qe5+ 72. Kg2 Qg5+ 73. Kh3 Bxd2 74. Qg4 Qe3+ 75. Kh4 Qd3 76.
Rh3 Bg5+ 0-1